 Dungeon Crawl Stone Soup version 0.31-a0-1009-g454b1f1e0a (webtiles) character file.

Game seed: 2532315140694825074

18 kae the Vexing (level 2, 0/16 (19) HPs)
             Began as a Demonspawn Enchanter on Nov 14, 2023.
             Slain by Crazy Yiuf
             ... wielding a +3 quarterstaff of chaos
              (4 damage)
             ... on level 2 of the Dungeon.
             The game lasted 00:00:30 (1441 turns).

kae the Vexing (Demonspawn Enchanter)               Turns: 1441, Time: 00:00:30

HP:   0/16 (19)     AC:  4    Str:  8    XL:     2   Next: 48%
MP:   1/5           EV: 12    Int: 16    God:
Gold: 156           SH:  0    Dex: 13    Spells: 3/5 levels left

rFire   . . .        e - +2 short sword (drain)
rCold   . . .        (no shield)
rNeg    . . .        b - +0 robe
rPois   .            (no helmet)
rElec   .            (no cloak)
rCorr   .            (no gloves)
SInv    .            (no boots)
Will    .....        (no amulet)
Stlth   ++           (no ring)
HPRegen 0.22/turn    (no ring)
MPRegen 0.09/turn

%: no passive effects
@: heavily drained
A: molten scales 1
a: no special abilities


You were on level 2 of the Dungeon.
You visited 1 branch of the dungeon, and saw 2 of its levels.

You collected 156 gold pieces.


Innate Abilities, Weirdness & Mutations

You are partially covered in molten scales. (AC +2)


   Skills:
 * Level 1.5 Short Blades
 - Level 1.7 Dodging
 + Level 2.9 Stealth
 + Level 2.1 Spellcasting
 * Level 3.2 Hexes


You had 3 spell levels left.
You knew the following spells:

 Your Spells              Type           Power      Damage    Failure   Level
a - Ensorcelled Hibernat  Hex/Ice        12%        N/A       16%         2

Your spell library contained the following spells:

 Spells                   Type           Power      Damage    Failure   Level
 Confusing Touch          Hex            12%        N/A       16%         3
 Tukima's Dance           Hex            12%        N/A       16%         3
 Dazzling Flash           Conj/Hex       12%        N/A       30%         3

Inventory:

Hand Weapons
 a - a +1 dagger
 e - a +2 short sword of draining (weapon)
   (You took it off a kobold on level 1 of the Dungeon)
Missiles
 f - 25 stones
Armour
 b - a +0 robe (worn)
Scrolls
 d - a scroll of amnesia {unknown}
 g - a scroll of noise {unknown}
 i - 2 scrolls of enchant armour {unknown}
 j - a scroll of blinking {unknown}
Potions
 c - 2 potions of invisibility
 h - a potion of degeneration {unknown}
 k - a potion of enlightenment {unknown}

Dungeon Overview and Level Annotations

Branches:
Dungeon (2/15) Zot: 10560

Altars:

Shops:
D:1 (

Annotations:
D:2 Crazy Yiuf

#...####))))#
#.# #.#..#
#...# #))))#
#.# #....#
##### #))))#
#.#####...##
##)).#
#.....#.#'##
##.##
#.....#.....
##.#
#.....#.....
#.##
#.....'.....
##.#
#.....#.....
#@##
#.....#.....
#g#
#.....#.....
...
#.....#.....
#...#
#######.....
#)..#
####....
#####
#.##....
#.##....
#.##....
#.......


You could see Crazy Yiuf (very drained).


Message History

f - 19 stones (gained 7)
You open the door.
There is an open door here.
Key pressed, stopping explore.
No target in view!
No target in view!
Key pressed, stopping explore.
No target in view!
No target in view!
There is an escape hatch in the ceiling here.
You now have 127 gold pieces (gained 14).
Found a stone staircase leading down.
No target in view!
No target in view!
You now have 142 gold pieces (gained 15).
k - an amethyst potion No target in view!
No target in view!
A dart slug comes into view.
A dart slug is nearby!
A dart slug is nearby!
You hit the dart slug. You drain the dart slug.
The dart slug launches a dart at you. The slug dart hits you.
You hit the dart slug. You drain the dart slug.
The dart slug barely misses you.
A dart slug is nearby!
You puncture the dart slug!
You kill the dart slug!
No target in view! 😕 HP[-1]
You take 1 damage, and now have 17/18 hp.
You now have 156 gold pieces (gained 14).
You see here a +0 hand axe.
You open the door.
A goblin comes into view. It is wielding a +2 dagger of freezing.
The goblin shouts! 😎 HP[+1]
Your hp is fully restored (18).
There is an open door here.
The goblin misses you.
You hit the goblin.
You kill the goblin!
No target in view!
Okay, then.
You see here a +2 dagger of freezing.
No target in view!
No target in view!
f - 25 stones (gained 6)
Found a stone staircase leading up.
No target in view!
No target in view!
There is an open door here.
There is an escape hatch in the ceiling here.
There is an open door here.
There is an open door here.
There is an open door here.
You see here a +3 hammer of draining.
Key pressed, stopping explore.
You see here a +0 hammer.
You see here a +0 hammer.
You see here a +0 hammer.
You see here a +0 hammer.
No reachable target in view!
No reachable target in view!
Could not explore, unopened runed door.
Unknown command.
Could not explore, unopened runed door.
No reachable target in view!
No reachable target in view!
Okay, then.
You open the door.
Casting: Ensorcelled Hibernation (safe; 16% risk of failure)
Confirm with . or Enter, or press ? or * to list all spells.
Aiming: Ensorcelled Hibernation (safe; 16% risk of failure)
Press: ? - help, Shift-Dir - straight line, f - Crazy Yiuf
Aim: Crazy Yiuf, wielding a +3 quarterstaff of chaos and wearing a +0 cloak (chance to affect: 49%) Crazy Yiuf resists with some effort.
Crazy Yiuf yells, "Snower forty-two sow!" 😎 MP[-2]
You lost 2 mp, and now have 3/5 mp.
Casting: Ensorcelled Hibernation (safe; 16% risk of failure)
Confirm with . or Enter, or press ? or * to list all spells.
Aiming: Ensorcelled Hibernation (safe; 16% risk of failure)
Press: ? - help, Shift-Dir - straight line, f/p - Crazy Yiuf
Aim: Crazy Yiuf, wielding a +3 quarterstaff of chaos and wearing a +0 cloak (chance to affect: 49%) Crazy Yiuf resists with some effort.
Crazy Yiuf hits you with a +3 quarterstaff of chaos! 😮 HP[-7] MP[-2]
You take 7 damage, and now have 11/18 hp.
MASSIVE DAMAGE!! (PAUSE)
You lost 2 mp, and now have 1/5 mp.
Casting: Ensorcelled Hibernation (safe; 16% risk of failure)
Confirm with . or Enter, or press ? or * to list all spells.
You don't have enough magic to cast this spell.
You hit Crazy Yiuf. You drain Crazy Yiuf.
Crazy Yiuf hits you with a +3 quarterstaff of chaos!
* * * LOW HITPOINT WARNING * * *
You feel drained.
You die...

Skill      XL: |  1 |
---------------+----+-----
Short Blades   | 1 |  1.5
Dodging        | |  1.7
Stealth        | |  2.9
Spellcasting   | |  2.1
Hexes          | |  3.2

Action                     || total
---------------------------++-------
  Melee: Short sword       ||    26
         Dagger            ||     3
         Punch             ||     1
   Cast: Ensorcelled Hiber ||     2
   Stab: Sleeping          ||     2
 Armour: Robe              ||     8
  Dodge: Dodged            ||     7

Levels and vault maps discovered:
D:1:      enne_arrival_octagon_isle, layout_basic, serial_shops,
          nicolae_shop_bloodbath_and_beyond
D:2:      layout_basic, uniq_crazy_yiuf_cottage

Notes
Turn   | Place    | Note
-------+----------+-------------------------------------------
     0 | D:1      | kae the Demonspawn Enchanter began the quest for the Orb.
     0 | D:1      | Reached XP level 1. HP: 13/13 MP: 3/3
     0 | D:1      | magus.rc [v1.11.3]
    33 | D:1      | Reached skill level 1 in Short Blades
   169 | D:1      | Found Ukijyic's Weapon Emporium.
   173 | D:1      | Gained mutation: You are partially covered in molten
                  | scales. (AC +2) [demonic ancestry]
   173 | D:1      | Reached XP level 2. HP: 18/18 MP: 5/5
   189 | D:1      | Learned a level 2 spell: Ensorcelled Hibernation
   649 | D:2      | Found a runed translucent door.
   650 | D:2      | Noticed Crazy Yiuf
  1441 | D:2      | HP: 4/18 [Crazy Yiuf/+3 quarterstaff of chaos (8)]
  1441 | D:2      | Slain by Crazy Yiuf

Vanquished Creatures
  A dart slug (D:2)
  3 endoplasms
  A giant cockroach (D:1)
  2 hobgoblins (D:1)
  A quokka (D:1)
  A bat (D:1)
  2 frilled lizards (D:1)
  A goblin (D:2)
  2 kobolds (D:1)
  2 rats
16 creatures vanquished.

Table legend:
 A = Non-vault XP
 B = Vault XP
 C = Vault XP percentage of total XP
 D = Non-vault monster count
 E = Vault monster count
 F = Vault count percentage of total count
                 A         B        C        D         E       F
            +---------+---------+-------+---------+---------+-------
      Total |      26 |       0 |   0.0 |      16 |       0 |   0.0
            +---------+---------+-------+---------+---------+-------
        D:1 |      18 |       0 |   0.0 |      12 |       0 |   0.0
        D:2 |       8 |       0 |   0.0 |       4 |       0 |   0.0
            +---------+---------+-------+---------+---------+-------

Skill      XL: |  1 |
---------------+----+-----
Short Blades   | 1 |  1.5
Dodging        | |  1.7
Stealth        | |  2.9
Spellcasting   | |  2.1
Hexes          | |  3.2

Action                     || total
---------------------------++-------
  Melee: Short sword       ||    26
         Dagger            ||     3
         Punch             ||     1
   Cast: Ensorcelled Hiber ||     2
   Stab: Sleeping          ||     2
 Armour: Robe              ||     8
  Dodge: Dodged            ||     7

Illustrated notes

Table legend:
 A = Kills in this place as a percentage of kills in the entire game.
 B = Kills by you in this place as a percentage of kills by you in the entire game.
 C = Kills by friends in this place as a percentage of kills by friends in the entire game.
 D = Other kills in this place as a percentage of other kills in the entire game.
 E = Experience gained in this place as a percentage of experience gained in the entire game.
 F = Experience gained in this place divided by the number of levels of this place that you have seen.
                   A       B       C       D       E      F
               +-------+-------+-------+-------+-------+----------------------
         Total | 100.0 | 100.0 |   N/A |   N/A | 100.0 |  13.0
       Dungeon | 100.0 | 100.0 |   N/A |   N/A | 100.0 |  13.0
               +-------+-------+-------+-------+-------+----------------------

Table legend: (Time is in decaauts)
 A = Elapsed time spent in this place.
 B = Non-inter-level travel time spent in this place.
 C = Inter-level travel time spent in this place.
 D = Time resting spent in this place.
 E = Time spent auto-exploring this place.
 F = Levels seen in this place.
 G = Mean time per level.
                   A        B        C        D        E       F      G
               +--------+--------+--------+--------+--------+-----+--------+
         Total |   1438 |   1393 |     45 |      0 |   1285 |   2 |  719.0 |
       Dungeon |   1438 |   1393 |     45 |      0 |   1285 |   2 |  719.0 |
               +--------+--------+--------+--------+--------+-----+--------+

Top non-repeatable levels by time:
     D:2: 834 daAuts
     D:1: 604 daAuts
